% Time on Ice - SPOKANE KNIGHTS
Lines # - Real PCT - Wanted PCT - Time Play
Normal Forward
1 - 26% - 25% - 11:23
2 - 25% - 25% - 10:52
3 - 25% - 25% - 11:15
4 - 24% - 25% - 10:38
Normal Defense
1 - 31% - 25% - 13:28
2 - 16% - 25% - 7:10
3 - 36% - 25% - 16:06
4 - 17% - 25% - 7:24
PP Forward
1 - 54% - 60% - 4:18
2 - 46% - 40% - 3:38
PP Defense
1 - 67% - 60% - 5:18
2 - 33% - 40% - 2:38
PK Forward
1 - 54% - 50% - 4:18
2 - 46% - 50% - 3:38
PK Defense
1 - 59% - 60% - 4:39
2 - 41% - 40% - 3:17
PK3 Forward
1 - 0% - 60%
2 - 0% - 40%
PK3 Defense
1 - 0% - 60%
2 - 0% - 40%
44 Forward
1 - 0% - 50%
2 - 0% - 50%
44 Defense
1 - 0% - 60%
2 - 0% - 40%
Last Minute Offensive  - 0:00
Last Minute Defensive  - 0:00
Total
Forward - 60:00
Defense - 60:00
% Time on Ice - SALEM BLACK JAYS
Lines # - Real PCT - Wanted PCT - Time Play
Normal Forward
1 - 33% - 33% - 14:24
2 - 32% - 32% - 14:19
3 - 27% - 25% - 11:46
4 - 8% - 10% - 3:39
Normal Defense
1 - 36% - 36% - 15:58
2 - 30% - 31% - 13:14
3 - 28% - 23% - 12:28
4 - 6% - 10% - 2:28
PP Forward
1 - 55% - 55% - 4:22
2 - 45% - 45% - 3:34
PP Defense
1 - 52% - 55% - 4:07
2 - 48% - 45% - 3:49
PK Forward
1 - 54% - 55% - 4:15
2 - 46% - 45% - 3:41
PK Defense
1 - 57% - 55% - 4:30
2 - 43% - 45% - 3:26
PK3 Forward
1 - 0% - 55%
2 - 0% - 45%
PK3 Defense
1 - 0% - 55%
2 - 0% - 45%
44 Forward
1 - 0% - 55%
2 - 0% - 45%
44 Defense
1 - 0% - 55%
2 - 0% - 45%
Last Minute Offensive  - 0:00
Last Minute Defensive  - 0:00
Total
Forward - 60:00
Defense - 60:00
Play-by-Play 1st period 0:01 of 1st period - Dylan Larkin wins face-off versus Joseph Veleno in neutral zone. 0:22 of 1st period - Shot by Mitchell Marner. 0:22 of 1st period - Stopped by David Rittich without a rebound. 0:23 of 1st period - Mathew Barzal wins face-off versus Mitchell Stephens in SPOKANE KNIGHTS zone. 0:47 of 1st period - Evgeny Dadonov is hit by Nicolas Deslauriers. 0:59 of 1st period - Shot by Troy Terry. 0:59 of 1st period - Stopped by David Rittich without a rebound. 1:00 of 1st period - Theodor Blueger wins face-off versus Zachary Sanford in SPOKANE KNIGHTS zone. 1:07 of 1st period - Shot by Martin Necas. 1:07 of 1st period - Stopped by David Rittich with a rebound. 1:28 of 1st period - Martin Necas is hit by Michael Stone and loses puck. 2:07 of 1st period - Shot by Dylan Larkin. 2:07 of 1st period - Stopped by David Rittich with a rebound. 2:09 of 1st period - Shot by Mikko Rantanen. 2:09 of 1st period - Stopped by David Rittich without a rebound. 2:10 of 1st period - Dylan Cozens wins face-off versus Joseph Veleno in SPOKANE KNIGHTS zone. 2:14 of 1st period - Daniel Sprong is hit by Nicolas Deslauriers and loses puck. 2:15 of 1st period - Minor Penalty to Nicolas Deslauriers for Roughing. 2:16 of 1st period - Joseph Veleno wins face-off versus Dylan Larkin in SPOKANE KNIGHTS zone. 2:45 of 1st period - Shot by Dylan Larkin. 2:45 of 1st period - Shot Blocked by Erik Brannstrom. 2:47 of 1st period - Shot by Mikko Rantanen. 2:47 of 1st period - Stopped by David Rittich without a rebound. 2:48 of 1st period - Joseph Veleno wins face-off versus Mathew Barzal in SPOKANE KNIGHTS zone. 3:15 of 1st period - Shot by Troy Terry. 3:15 of 1st period - Stopped by David Rittich with a rebound. 3:17 of 1st period - Shot by Joshua Morrissey. 3:17 of 1st period - Shot Misses the Net. 3:19 of 1st period - Shot by Troy Terry. 3:19 of 1st period - Shot Blocked by Ryan Ellis. 5:39 of 1st period - Icing by Ryan Ellis. 5:40 of 1st period - Mathew Barzal wins face-off versus Luke Glendening in SPOKANE KNIGHTS zone. 6:11 of 1st period - Troy Terry is hit by Nicolas Deslauriers. 6:37 of 1st period - Shot by Dylan Larkin. 6:37 of 1st period - Stopped by David Rittich without a rebound. 6:38 of 1st period - Nick Bjugstad wins face-off versus Dylan Larkin in SPOKANE KNIGHTS zone. 6:38 of 1st period - Nick Bjugstad is hit by Mikko Rantanen. 6:44 of 1st period - Shot by Evan Bouchard. 6:44 of 1st period - Stopped by Juuse Saros with a rebound. 6:47 of 1st period - Icing by Joshua Morrissey. 6:48 of 1st period - Dylan Larkin wins face-off versus Joseph Veleno in SALEM BLACK JAYS zone. 7:13 of 1st period - Shot by Mikko Rantanen. 7:13 of 1st period - Shot Misses the Net. 7:23 of 1st period - Shot by Dylan Larkin. 7:23 of 1st period - Stopped by David Rittich without a rebound. 7:24 of 1st period - Nick Bjugstad wins face-off versus Mathew Barzal in SPOKANE KNIGHTS zone. 7:24 of 1st period - Nick Bjugstad is hit by Nick Jensen. 7:53 of 1st period - Shot by Quinton Byfield. 7:53 of 1st period - Shot Misses the Net. 7:55 of 1st period - Shot by Michael Stone. 7:55 of 1st period - Shot Blocked by Nick Jensen. 8:07 of 1st period - Shot by Alex Formenton. 8:07 of 1st period - Stopped by Juuse Saros with a rebound. 8:13 of 1st period - Shot by Corey Perry. 8:13 of 1st period - Goal by Corey Perry - SPOKANE KNIGHTS : 1 - SALEM BLACK JAYS : 0. 8:14 of 1st period - Dylan Larkin wins face-off versus Joseph Veleno in neutral zone. 8:23 of 1st period - Shot by Mikko Rantanen. 8:23 of 1st period - Shot Blocked by Evan Bouchard. 8:25 of 1st period - Shot by Mitchell Marner. 8:25 of 1st period - Stopped by David Rittich without a rebound. 8:26 of 1st period - Luke Glendening wins face-off versus Theodor Blueger in SPOKANE KNIGHTS zone. 8:58 of 1st period - Shot by Luke Glendening. 8:58 of 1st period - Stopped by Juuse Saros without a rebound. 8:59 of 1st period - Dylan Larkin wins face-off versus Nick Bjugstad in SALEM BLACK JAYS zone. 9:31 of 1st period - Icing by Ryan Ellis. 9:32 of 1st period - Nick Bjugstad wins face-off versus Mathew Barzal in SPOKANE KNIGHTS zone. 10:01 of 1st period - Brady Tkachuk is hit by Scott Mayfield and loses puck. 10:19 of 1st period - Mathew Barzal is hit by Joseph Veleno and loses puck. 10:23 of 1st period - Minor Penalty to Nick Jensen for Holding. 10:24 of 1st period - Luke Glendening wins face-off versus Brian Boyle in SALEM BLACK JAYS zone. 10:25 of 1st period - Shot by Ryan Ellis. 10:25 of 1st period - Shot Blocked by Cody Ceci. 10:27 of 1st period - Shot by Nick Bjugstad. 10:27 of 1st period - Shot Misses the Net. 10:29 of 1st period - Shot by Erik Brannstrom. 10:29 of 1st period - Stopped by Juuse Saros without a rebound. 10:30 of 1st period - Nick Bjugstad wins face-off versus Brian Boyle in SALEM BLACK JAYS zone. 10:31 of 1st period - Shot by Nick Foligno. 10:31 of 1st period - Deflect By Luke Glendening. 10:31 of 1st period - Shot Misses the Net. 10:33 of 1st period - Shot by Nick Foligno. 10:33 of 1st period - Stopped by Juuse Saros without a rebound. 10:34 of 1st period - Brian Boyle wins face-off versus Dylan Guenther in SALEM BLACK JAYS zone. 10:34 of 1st period - Brian Boyle is hit by Joseph Veleno. 10:41 of 1st period - Icing by Dylan Guenther. 10:42 of 1st period - Brian Boyle wins face-off versus Dylan Guenther in SPOKANE KNIGHTS zone. 11:04 of 1st period - Icing by Erik Brannstrom. 11:05 of 1st period - Brian Boyle wins face-off versus Corey Perry in SPOKANE KNIGHTS zone. 12:28 of 1st period - Icing by Scott Mayfield. 12:29 of 1st period - Mikko Rantanen wins face-off versus Mitchell Stephens in SALEM BLACK JAYS zone. 12:36 of 1st period - Shot by Mitchell Marner. 12:36 of 1st period - Stopped by David Rittich without a rebound. 12:37 of 1st period - Dylan Larkin wins face-off versus Nick Bjugstad in SPOKANE KNIGHTS zone. 12:48 of 1st period - Mikko Rantanen is hit by Dmitri Jaskin and loses puck. 13:07 of 1st period - Shot by Mikko Rantanen. 13:07 of 1st period - Shot Misses the Net. 13:18 of 1st period - Icing by Joshua Morrissey. 13:19 of 1st period - Mikko Rantanen wins face-off versus Joseph Veleno in SALEM BLACK JAYS zone. 13:28 of 1st period - Shot by Mitchell Marner. 13:28 of 1st period - Shot Blocked by Nicolas Deslauriers. 13:30 of 1st period - Shot by Mitchell Marner. 13:30 of 1st period - Deflect By Mikko Rantanen. 13:30 of 1st period - Goal by Mikko Rantanen - SPOKANE KNIGHTS : 1 - SALEM BLACK JAYS : 1. 13:31 of 1st period - Theodor Blueger wins face-off versus Mitchell Stephens in neutral zone. 13:40 of 1st period - Shot by Martin Necas. 13:40 of 1st period - Shot Blocked by Erik Brannstrom. 13:42 of 1st period - Shot by Theodor Blueger. 13:42 of 1st period - Stopped by David Rittich without a rebound. 13:43 of 1st period - Joseph Veleno wins face-off versus Mathew Barzal in SPOKANE KNIGHTS zone. 13:56 of 1st period - Shot by Mathew Barzal. 13:56 of 1st period - Shot Misses the Net. 14:06 of 1st period - Shot by Troy Terry. 14:06 of 1st period - Stopped by David Rittich with a rebound. 14:08 of 1st period - Shot by Michael Del Zotto. 14:08 of 1st period - Shot Misses the Net. 14:10 of 1st period - Shot by Troy Terry. 14:10 of 1st period - Shot Misses the Net. 14:36 of 1st period - Brady Tkachuk is hit by Theodor Blueger and loses puck. 14:47 of 1st period - Shot by Martin Necas. 14:47 of 1st period - Shot Misses the Net. 14:49 of 1st period - Shot by Martin Necas. 14:49 of 1st period - Stopped by David Rittich without a rebound. 14:50 of 1st period - Mitchell Stephens wins face-off versus Dylan Larkin in SPOKANE KNIGHTS zone. 15:14 of 1st period - Shot by Mitchell Marner. 15:14 of 1st period - Shot Misses the Net. 15:16 of 1st period - Shot by Nick Jensen. 15:16 of 1st period - Stopped by David Rittich with a rebound. 15:18 of 1st period - Shot by Mitchell Marner. 15:18 of 1st period - Shot Misses the Net. 15:20 of 1st period - Shot by Mitchell Marner. 15:20 of 1st period - Shot Misses the Net. 15:22 of 1st period - Shot by Scott Mayfield. 15:22 of 1st period - Stopped by David Rittich without a rebound. 15:23 of 1st period - Theodor Blueger wins face-off versus Nick Bjugstad in SPOKANE KNIGHTS zone. 16:15 of 1st period - Icing by Evan Bouchard. 16:16 of 1st period - Luke Glendening wins face-off versus Dylan Larkin in SPOKANE KNIGHTS zone. 16:41 of 1st period - Shot by Dylan Larkin. 16:41 of 1st period - Stopped by David Rittich without a rebound. 16:42 of 1st period - Mitchell Stephens wins face-off versus Mathew Barzal in SPOKANE KNIGHTS zone. 17:16 of 1st period - Shot by Corey Perry. 17:16 of 1st period - Deflect By Alex Formenton. 17:16 of 1st period - Shot Misses the Net. 17:19 of 1st period - Icing by Urho Vaakanainen. 17:20 of 1st period - Joseph Veleno wins face-off versus Mathew Barzal in SALEM BLACK JAYS zone. 17:23 of 1st period - Shot by Brady Tkachuk. 17:23 of 1st period - Shot Blocked by Evgeny Dadonov. 18:27 of 1st period - Icing by Brady Tkachuk. 18:28 of 1st period - Theodor Blueger wins face-off versus Joseph Veleno in SPOKANE KNIGHTS zone. 18:39 of 1st period - Shot by Theodor Blueger. 18:39 of 1st period - Stopped by David Rittich without a rebound. 18:40 of 1st period - Luke Glendening wins face-off versus Dylan Cozens in SPOKANE KNIGHTS zone. 18:40 of 1st period - Luke Glendening is hit by Filip Chytil. 19:04 of 1st period - Shot by Dylan Cozens. 19:04 of 1st period - Stopped by David Rittich without a rebound. 19:05 of 1st period - Theodor Blueger wins face-off versus Nick Bjugstad in SPOKANE KNIGHTS zone. 19:13 of 1st period - Icing by Jacob Larsson. 19:14 of 1st period - Mathew Barzal wins face-off versus Nick Bjugstad in SPOKANE KNIGHTS zone. 19:49 of 1st period